 Dungeon Crawl Stone Soup version 0.30.0-10-gfe55d96785 (webtiles) character file.

Game seed: 3784811328198191166

14259 Kenran the Severer (level 11, -9/104 HPs)
             Began as a Minotaur Cinder Acolyte on May 14, 2023.
             Was a High Priest of Ignis.
             Mangled by a two-headed ogre
             ... wielding a +0 giant spiked club
              (12 damage)
             ... on level 9 of the Dungeon.
             The game lasted 00:18:57 (11599 turns).

Kenran the Severer (Minotaur Cinder Acolyte)       Turns: 11599, Time: 00:18:58

Health: -9/104     AC: 22    Str: 24    XL:     11   Next: 86%
Magic:  4/11       EV:  9    Int: 11    God:    Ignis [*****.]
Gold:   388        SH:  0    Dex:  5    Spells: 12/12 levels left

rFire   + + .        b - +5 flail (freeze)
rCold   + + .        (no shield)
rNeg    . . .        F - +0 chain mail {rC+}
rPois   .            (helmet restricted)
rElec   .            j - scarf {rC+ rF+}
rCorr   +            i - +0 pair of gloves {infuse}
SInv    +            k - +0 pair of boots
Will    .....        e - amulet of the acrobat Stlth
                     r - ring of resist corrosion
HPRegen 0.37/turn    C - ring of see invisible
MPRegen 0.12/turn

%: acrobat, infuse magic (1 MP)
@: about to teleport, fiery-armoured
A: horns 2, retaliatory headbutt
a: Renounce Religion, Fiery Armour, Foxfire Swarm, Rising Flame


You were on level 9 of the Dungeon.
You worshipped Ignis.
Ignis was extremely pleased with you.
You visited 2 branches of the dungeon, and saw 11 of its levels.

You collected 388 gold pieces.

Inventory:

Hand Weapons
 a - a -1 hand axe of flaming
 b - a +5 flail of freezing (weapon)
Missiles
 E - 2 throwing nets (quivered)
Armour
 i - a +0 pair of gloves of infusion (worn)
 j - a scarf of resistance (worn)
 k - a +0 pair of boots (worn)
 F - a +0 chain mail of cold resistance (worn)
Jewellery
 e - an amulet of the acrobat (around neck)
 r - a ring of resist corrosion (left hand)
 C - a ring of see invisible (right hand)
 K - a ring of wizardry
Wands
 p - a wand of charming (18)
 s - a wand of roots (4)
 y - a wand of mindburst (11)
 z - a wand of acid (11)
 A - a wand of flame (12)
Scrolls
 d - a scroll of vulnerability {!r}
 f - 5 scrolls of teleportation
 l - a scroll of butterflies {unknown}
 n - 3 scrolls of poison {!r}
 o - a scroll of fear {unknown}
 q - 2 scrolls of enchant armour {unknown}
 w - a scroll of magic mapping {unknown}
 x - 3 scrolls of enchant weapon
 B - 4 scrolls of fog
 D - 4 scrolls of blinking {unknown}
 J - 2 scrolls of amnesia {unknown}
Potions
 c - 2 potions of attraction {unknown}
 g - 4 potions of heal wounds {unknown}
 h - 5 potions of mutation {unknown}
 m - 2 potions of ambrosia {unknown}
 t - a potion of brilliance {unknown}
 u - a potion of haste {unknown}
 v - 5 potions of curing {unknown}
 G - a potion of lignification {unknown}
 H - a potion of magic {unknown}
 I - a potion of flight {unknown}
 L - a potion of invisibility {unknown}


   Skills:
 - Level 12.0 Fighting
 - Level 16.0 Axes
 - Level 12.0 Armour
 - Level 1.0 Spellcasting
 - Level 2.1 Fire Magic
 + Level 2.0 Evocations


You had 12 spell levels left.
You didn't know any spells.
Your spell library contained the following spells:

 Spells                   Type           Power      Damage    Failure   Level
 Scorch                   Fire           10%        2d5       61%         2
 Apportation              Tloc           0%         N/A       77%         1
 Freeze                   Ice            0%         1d3       77%         1
 Necrotise                Necr           0%         1d4       77%         1
 Sandblast                Erth           0%         2d4       77%         1
 Summon Small Mammal      Summ           0%         N/A       77%         1
 Cigotuvi's Dreadful Rot  Necr/Pois/Air  0%         N/A       88%         2
 Ensorcelled Hibernation  Hex/Ice        0%         N/A       88%         2
 Lesser Beckoning         Tloc           0%         N/A       88%         2
 Passwall                 Tmut/Erth      0%         N/A       88%         2
 Ignite Poison            Fire/Tmut/Pois 2%         N/A       96%         3
 Frozen Ramparts          Ice            0%         1d1       98%         3
 Gell's Gravitas          Tloc           0%         N/A       98%         3
 Hailstorm                Conj/Ice       0%         3d3       98%         3
 Stone Arrow              Conj/Erth      0%         3d7       98%         3
 Swiftness                Air            0%         N/A       98%         3
 Teleport Other           Tloc           0%         N/A       98%         3
 Cause Fear               Hex            0%         N/A       100%        4
 Freezing Cloud           Conj/Ice/Air   0%         6-21      100%        5
 Dragon Form              Tmut           0%         N/A       100%        7
 Dragon's Call            Summ           0%         N/A       100%        9


Dungeon Overview and Level Annotations

Branches:
Dungeon (10/15)            Temple (1/1) D:4            Lair (0/5) D:8
    Orc: D:9-12

Altars:
Ashenzari
Cheibriados
Dithmenos
Elyvilon
Fedhas
Gozag
Hepliaklqana
Kikubaaqudgha
Makhleb
Nemelex Xobeh
Okawaru
Qazlal
Ru
Sif Muna
Trog
Uskayaw
Vehumet
Wu Jian
Xom
Yredelemnul
Zin
The Shining One

Shops:
D:2 !   D:6 =

Annotations:
Temple 2 transporters


Innate Abilities, Weirdness & Mutations

You have a pair of horns on your head.
You reflexively headbutt those who attack you in melee.


Message History

The yak is burned by your cloak of flames.
The yak is heavily wounded.
The orc warrior hits you from afar with a +2 heavy halberd!
* * * LOW HITPOINT WARNING * * *
You barely miss the yak.
The yak is heavily wounded.
A two-headed ogre comes into view.
It is wielding a +0 giant spiked club and a +0 giant club.
The two-headed ogre shouts in stereo!
You see here 2 stones.
The yak attacks as you move away! The yak misses you.
The yak attacks as you move away! The yak gores you but does no damage.
The yak is burned by your cloak of flames.
The yak is severely wounded.
You hear the faint creaking of a very distant portcullis.
The two-headed ogre closely misses you.
The two-headed ogre completely misses you.
There is a stone staircase leading up here.
Okay, then.
The yak closely misses you. The two-headed ogre closely misses you.
The two-headed ogre hits you but does no damage.
The two-headed ogre is burned by your cloak of flames.
The two-headed ogre is lightly wounded.
The orc warrior barely misses you.
You climb upwards.
There is a stone staircase leading down here.
The yak attacks as you move away! The yak barely misses you.
As you read the scroll of teleportation, it crumbles to dust.
You feel strangely unstable. The yak gores you.
* * * LOW HITPOINT WARNING * * *
The yak is burned by your cloak of flames.
The yak is severely wounded.
The yak attacks as you move away! The yak gores you.
* * * LOW HITPOINT WARNING * * *
The yak is burned by your cloak of flames.
The yak is almost dead.
The two-headed ogre attacks as you move away!
The two-headed ogre hits you with a +0 giant spiked club!
* * * LOW HITPOINT WARNING * * *
The two-headed ogre hits you with a +0 giant club!
You die...

..≣≈##.........#
≣.≣≈######.....##
..≣≈# #.....'# ≣≣≣≈#
#.....'### ...~#
#........# ...~#
#........# ≣≣≣~#
#........# .)≣≈#
#.....>O.# ≣.≣≈#
#.....Y@.# ≣≣≣≈#
#........###########
...~#
#..................#
...~#
#........#########.#
...≣# ######.### #.#
....# #.# #.# ≈≣..#
#.# #.# ###.##
###.###########.###
.....#
#.................#


You could see a two-headed ogre and a yak.

Vanquished Creatures
  A centaur warrior (D:8)
  2 two-headed ogres (D:9)
  2 deep elf pyromancers
  A cyclops (D:9)
  An ugly thing (D:8)
  A gargoyle (D:9)
  A tengu conjurer (D:8)
  A freezing wraith (D:9)
  A troll (D:9)
  13 yaks
  A vampire (D:8)
  2 wraiths
  5 wyverns
  3 steam dragons
  3 acid dragons
  3 water moccasins
  2 ice beasts
  2 orc warriors (D:9)
  2 sky beasts
  3 black bears (D:8)
  4 ogres
  6 centaurs
  2 phantoms
  5 kobold brigands
  3 gnoll sergeants
  7 bullfrogs
  2 scorpions
  20 wights
  16 killer bees
  5 howler monkeys
  5 hounds
  A jelly (D:7)
  3 gnoll boudas
  Crazy Yiuf (D:4)
  An orc priest (D:5)
  2 sleepcaps
  3 iguanas
  2 orc wizards
  19 gnolls
  8 adders
  2 white imps
  An ufetubus (D:6)
  3 worms
  A dart slug (D:3)
  13 orcs
  2 bats
  9 endoplasms
  6 giant cockroaches
  7 goblins
  9 hobgoblins
  4 quokkas
  9 ball pythons
  7 frilled lizards
  13 kobolds
  11 rats
262 creatures vanquished.

Vanquished Creatures (others)
  A troll (D:9)
1 creature vanquished.

Grand Total: 263 creatures vanquished

Notes
Turn   | Place    | Note
-------+----------+-------------------------------------------
     0 | D:1      | Kenran the Minotaur Cinder Acolyte began the quest for the
                  | Orb.
     0 | D:1      | Reached XP level 1. HP: 19/19 MP: 1/1
    72 | D:1      | Reached skill level 4 in Axes
    92 | D:1      | Reached XP level 2. HP: 22/26 MP: 2/2
   298 | D:1      | Reached skill level 5 in Axes
   465 | D:1      | Reached XP level 3. HP: 26/31 MP: 3/3
   831 | D:2      | Found Nas Din's Distillery.
  1153 | D:2      | Identified the +6 short sword of Uzixargh {heavy, Dex+5}
  1298 | D:2      | Reached skill level 6 in Axes
  1298 | D:2      | Reached XP level 4. HP: 39/39 MP: 4/4
  2372 | D:3      | Reached skill level 7 in Axes
  2372 | D:3      | Reached XP level 5. HP: 45/45 MP: 5/5
  2546 | D:3      | Found a white marble altar of Elyvilon.
  2646 | D:3      | Identified a scroll of acquirement
  2647 | D:3      | Acquired a +0 pair of gloves of infusion
  2936 | D:4      | Reached skill level 8 in Axes
  2936 | D:4      | Reached XP level 6. HP: 41/51 MP: 2/6
  3038 | D:4      | Found a hide-covered altar of Uskayaw.
  3215 | D:4      | Found a runed translucent door.
  3216 | D:4      | Noticed Crazy Yiuf
  3236 | D:4      | Reached skill level 9 in Axes
  3442 | D:4      | Found a radiant altar of Vehumet.
  3472 | D:4      | Found a staircase to the Ecumenical Temple.
  3491 | Temple   | Entered the Ecumenical Temple
  3491 | Temple   | Found a transporter.
  3491 | Temple   | Found a transporter.
  3493 | Temple   | Found a transporter.
  3493 | Temple   | Found a transporter.
  3691 | D:4      | Killed Crazy Yiuf
  3834 | D:5      | Entered Level 5 of the Dungeon
  4003 | D:5      | Reached XP level 7. HP: 57/57 MP: 4/7
  4242 | D:5      | Found a blossoming altar of Fedhas.
  4243 | D:5      | Found a broken altar of Ashenzari.
  4297 | D:5      | Reached skill level 10 in Axes
  4414 | D:5      | Reached skill level 1 in Armour
  5338 | D:6      | Reached skill level 5 in Fighting
  5568 | D:6      | Identified the +6 spear of Ravage {flame, Will+}
  5589 | D:6      | Reached XP level 8. HP: 70/70 MP: 5/8
  6104 | D:6      | Reached skill level 11 in Axes
  6144 | D:6      | Found Nickayf's Jewellery Boutique.
  6866 | D:7      | Reached skill level 12 in Axes
  7031 | D:7      | Reached XP level 9. HP: 59/79 MP: 6/9
  7185 | D:7      | Reached skill level 5 in Armour
  7215 | D:7      | Found a basalt altar of Yredelemnul.
  7878 | D:7      | Identified the +0 robe of the Other Side {Dex+2}
  8133 | D:8      | Reached skill level 13 in Axes
  8475 | D:8      | Reached XP level 10. HP: 84/91 MP: 7/10
  8529 | D:8      | Found a staircase to the Lair.
  8533 | D:8      | Noticed a centaur warrior
  8543 | D:8      | Killed a centaur warrior
  8544 | D:8      | Reached skill level 10 in Fighting
  8558 | D:8      | Reached skill level 14 in Axes
  9100 | D:8      | Noticed a deep elf pyromancer
  9105 | D:8      | Killed a deep elf pyromancer
  9687 | D:9      | Noticed a gargoyle
  9770 | D:9      | Noticed a purple ugly thing
  9792 | D:8      | Killed a purple ugly thing
  9793 | D:8      | Reached skill level 10 in Armour
  9793 | D:8      | Reached XP level 11. HP: 69/104 MP: 1/11
 10075 | D:9      | Noticed a two-headed ogre
 10099 | D:9      | Killed a two-headed ogre
 10505 | D:9      | Noticed a deep elf pyromancer
 10512 | D:9      | Killed a deep elf pyromancer
 10522 | D:9      | Reached skill level 15 in Axes
 10738 | D:9      | Found a shadowy altar of Dithmenos.
 10754 | D:9      | Found an ancient bone altar of Kikubaaqudgha.
 10905 | D:9      | Found a burning altar of Makhleb.
 10905 | D:9      | Noticed a blizzard demon
 10905 | D:9      | Noticed a two-headed ogre
 10908 | D:9      | Killed a two-headed ogre
 11441 | D:10     | Entered Level 10 of the Dungeon
 11506 | D:10     | Reached skill level 16 in Axes
 11564 | D:10     | Reached skill level 1 in Evocations
 11591 | D:10     | Noticed a two-headed ogre
 11599 | D:9      | HP: 3/104 [two-headed ogre/+0 giant spiked club (8)]
 11599 | D:9      | Mangled by a two-headed ogre

Illustrated notes

Levels and vault maps discovered:
D:1:      onia_arrival_pentagram, layout_basic, st_stairs_4
D:2:      layout_loops_corners, serial_shops, nicolae_shop_tiny_real_fake_doors,
          supply_closet_lemuel
D:3:      layout_loops_cross, elyvilon_altar_1, hangedman_decor_diamond_cutter,
          cheibrodos_gnoll_hut
D:4:      layout_basic, mainiacjoe_overflow_small_starburst,
          overflow_temple_1_default, minmay_temple_entry_glassed_door,
          uniq_crazy_yiuf_cottage
D:5:      layout_loops_ring, gammafunk_temple_overflow_pools,
          kennysheep_flooded_box
D:6:      layout_loops_corners, serial_shops, nicolae_shop_tiny_real_fake_doors,
          kennysheep_generic_room_3
D:7:      layout_loops_corners, mainiacjoe_overflow_alcove_4, grunt_ministairs_1
D:8:      nzn_winding_woodlands_medium [nzn_winding_woodlands_5x5_open_star,
          nzn_winding_woodlands_5x15_longhouse, nzn_winding_woodlands_5x5_cross,
          nzn_winding_woodlands_5x5_closed_star,
          nzn_winding_woodlands_center_triple_pond,
          nzn_winding_woodlands_5x5_default, nzn_winding_woodlands_5x5_default,
          nzn_winding_woodlands_5x15_sawtooth, nzn_winding_woodlands_hourglass],
          layout_basic, david_lair_generic, chequers_decorated_corner,
          minmay_hedge_maze
D:9:      cheibrodos_ideogram_h, layout_basic, makhleb_altar_promises_db,
          mainiacjoe_overflow_paths, grunt_dithmenos_smoke,
          minmay_misc_feat_more_columns
D:10:     minmay_the_grid_3x2 [minmay_the_grid_holed_spiral,
          minmay_the_grid_armoury, minmay_the_grid_outer_diamond,
          minmay_the_grid_tree, minmay_the_grid_small_cups,
          minmay_the_grid_prize_diamond_cup], layout_irregular_city,
          enter_bailey_7, kennysheep_small_circle
Temple:   hellmonk_temple_divided_pantheon

Skill      XL: |  1  2  3  4  5  6  7  8  9 10 11 |
---------------+----------------------------------+-----
Axes           | 4 5 6 7 8 9 10 12 13 14 16 | 16.0
Armour         | 4 7 10 12 | 12.0
Fighting       | 5 7 9 12 | 12.0
Evocations     | 2 |  2.0
Spellcasting   | |  1.0
Fire Magic     | |  2.1

Action                     |  1- 3 |  4- 6 |  7- 9 | 10-12 || total
---------------------------+-------+-------+-------+-------++-------
  Melee: Hand axe          |    97 |   109 |    89 |       ||   295
         Headbutt          |    10 |     8 |    28 |    35 ||    81
         Flail             |       |       |   135 |   274 ||   409
         Spear             |       |       |    34 |       ||    34
         Punch             |       |       |     2 |       ||     2
 Invoke: Fiery Armour      |       |       |       |     2 ||     2
  Evoke: Wand              |       |       |       |     1 ||     1
    Use: Scroll            |       |     6 |       |     2 ||     8
 Armour: Robe              |    13 |       |       |       ||    13
         Ring mail         |     5 |    29 |    20 |       ||    54
         Scale mail        |       |       |    39 |       ||    39
         Chain mail        |       |       |    36 |   147 ||   183
  Dodge: Dodged            |    71 |    50 |   136 |   206 ||   463
